 Dungeon Crawl Stone Soup version 0.17.1-3-g152610e (webtiles) character file.

100 buf2 the Bolt Thrower (level 4, -9/29 HPs)
             Began as a High Elf Hunter on Apr 18, 2016.
             Mangled by a gnoll
             ... wielding a +0 halberd
              (11 damage)
             ... on level 2 of the Dungeon.
             The game lasted 00:18:57 (2840 turns).

buf2 the Bolt Thrower (High Elf Hunter)             Turns: 2840, Time: 00:18:58

Health: -9/29      AC:  4    Str: 11      XL:     4   Next: 46%
Magic:  5/5        EV: 13    Int: 12 (15) God:
Gold:   133        SH:  0    Dex: 16      Spells: 0 memorised, 3 levels left

rFire  . . .     SeeInvis .     b - +1 short sword
rCold  . . .     Clarity  .     c - +1 leather armour
rNeg   . . .     SustAt   .     (no shield)
rPois  .         Gourm    .     (no helmet)
rElec  .         Spirit   .     (no cloak)
rCorr  .         Warding  .     (no gloves)
rMut   .         Stasis   .     (no boots)
MR     +....                    (no amulet)
Stlth  ++........               (no ring)
                                u - ring of protection from magic

@: about to teleport, somewhat resistant to hostile enchantments, unstealthy
A: no striking features
a: no special abilities


You were on level 2 of the Dungeon.
You were not hungry.

You visited 1 branch of the dungeon, and saw 2 of its levels.

You collected 133 gold pieces.

Inventory:

Hand Weapons
 a - a +1 hand crossbow
 b - a +1 short sword (weapon)
 f - a cursed -2 short sword
 g - a +0 hunting sling
 k - a +0 whip
 m - a +0 mace
 p - a +0 spear
 r - a +0 hand axe
 v - a +0 falchion
Missiles
 d - 38 bolts
 j - 89 stones (quivered)
 n - 42 arrows
Armour
 c - a +1 leather armour (worn)
 h - a +0 ring mail
 l - a +0 ring mail
 y - a +0 scale mail
Jewellery
 u - a ring of protection from magic (left hand)
Scrolls
 i - 3 scrolls of magic mapping {unknown}
 o - a scroll of remove curse
Potions
 s - a potion of poison {unknown}
 t - a potion of might
 w - a potion of lignification {unknown}
 x - 2 potions of agility {unknown}
Comestibles
 e - 2 bread rations
 z - 2 chunks of flesh


   Skills:
 + Level 2.2 Fighting
 + Level 1.6 Short Blades
 + Level 5.0 Crossbows
 + Level 1.0 Armour
 + Level 2.9 Dodging
 + Level 1.3 Stealth


You had 3 spell levels left.
You didn't know any spells.

Dungeon Overview and Level Annotations

Branches:
Dungeon (2/15)

Altars:


Message History

The hobgoblin barely misses you.
You closely miss the hobgoblin.
The hobgoblin is almost dead.
The gnoll hits you but does no damage. The hobgoblin closely misses you.
You hit the hobgoblin.
You kill the hobgoblin!
The gnoll closely misses you.
The gnoll hits you from afar with a halberd!
The gnoll barely misses you.
The gnoll hits you from afar with a halberd.
* * * LOW HITPOINT WARNING * * *
The gnoll hits you with a halberd.
* * * LOW HITPOINT WARNING * * *
You hit the gnoll.
The gnoll is moderately wounded.
The gnoll completely misses you.
Read which item? (? for menu, Esc to quit)
As you read the scroll of teleportation, it crumbles to dust.
You feel strangely unstable. The gnoll hits you with a halberd!
You die...

##.# #..#.#.....#......#.##.#.##
##.####........#...######.##.#.#
##.............##.## #......#.#
#######.#..######.# #......#.##
# #.#..# #.# #........#. #
#.#..######.#####.......)#. #
#.......g.))(.............. #
###..#...##########.##..##. #
#....#.g@..# #.##.†##. #
###.#...###.# #.##..###
#...##.## #.# #.##..### #.####.#
#.# #........ #.# #.#
#.######.##.###. #.# #.#
#...........# #. #.# #.##
#####.####### #. #.# #..# #.# #.
#.# ##.# ##.## #.


You could see a gnoll.

Vanquished Creatures
  2 gnolls (D:2)
  3 adders (D:2)
  An ooze (D:1)
  2 giant geckos (D:1)
  A giant cockroach (D:1)
  4 goblins
  6 hobgoblins
  14 kobolds
  A quokka (D:2)
  A ball python (D:1)
  7 bats
  2 giant newts
  8 rats
52 creatures vanquished.

Vanquished Creatures (others)
  4 toadstools (D:1)
4 creatures vanquished.

Grand Total: 56 creatures vanquished

Notes
Turn   | Place    | Note
--------------------------------------------------------------
     0 | D:1      | buf2 the High Elf Hunter began the quest for the Orb.
     0 | D:1      | Reached XP level 1. HP: 14/14 MP: 2/2
   210 | D:1      | Reached XP level 2. HP: 10/19 MP: 3/3
  1162 | D:1      | Reached XP level 3. HP: 24/24 MP: 4/4
  2253 | D:2      | Reached skill level 5 in Crossbows
  2510 | D:2      | Reached skill level 1 in Short Blades
  2550 | D:2      | Reached XP level 4. HP: 27/29 MP: 5/5
  2820 | D:2      | Reached skill level 1 in Armour
  2840 | D:2      | Mangled by a gnoll

Action                   |  1- 3 |  4- 6 || total
-------------------------+-------+-------++-------
Melee: Short sword       |   119 |    16 ||   135
 Fire: Hand crossbow     |    19 |     5 ||    24
Throw: Stone             |     9 |       ||     9
  Use: Scroll            |     5 |     1 ||     6
       Potion            |     1 |       ||     1
  Eat: Meat ration       |     1 |       ||     1
       Chunk             |     1 |       ||     1
